 Dungeon Crawl Stone Soup version 0.28.0-47-ge53b351184 (webtiles) character file.

Game seed: 15670686179856832425

24 Zeld the Conjurer (level 2, -2/23 HPs)
             Began as a Draconian Conjurer on May 2, 2022.
             Slain by Ijyb
             ... wielding a +2 dagger of freezing
              (7 damage)
             ... on level 3 of the Dungeon.
             The game lasted 00:02:42 (1972 turns).

Zeld the Conjurer (Draconian Conjurer)              Turns: 1972, Time: 00:02:42

Health: -2/23      AC:  5    Str:  9    XL:     2   Next: 79%
Magic:  3/5        EV: 12    Int: 18    God:
Gold:   11         SH:  0    Dex:  9    Spells: 2/5 levels left

rFire   . . .      SeeInvis .   (no weapon)
rCold   . . .      Faith    .   (no shield)
rNeg    . . .      Spirit   .   (armour unavailable)
rPois   .          Reflect  .   (helmet restricted)
rElec   .          Harm     .   (no cloak)
rCorr   .          Rampage  .   (no gloves)
Will    .....                   g - +0 pair of boots
Stlth   +.........              (no amulet)
HPRegen 0.07/turn               (no ring)
MPRegen 0.09/turn               (no ring)

@: confused
A: AC +4, unfitting armour, cold-blooded
a: no special abilities


You were on level 3 of the Dungeon.
You visited 1 branch of the dungeon, and saw 3 of its levels.

You collected 11 gold pieces.

Inventory:

Armour
 g - a +0 pair of boots (worn)
Scrolls
 a - a scroll of noise {unknown}
 c - a scroll of identify {unknown}
 h - a scroll of fear {unknown}
 j - a scroll of torment {unknown}
 k - a scroll of enchant weapon {unknown}
 n - a scroll of teleportation {unknown}
Potions
 b - a potion of magic {unknown}
 d - a potion of degeneration {unknown}
 e - a potion of invisibility {unknown}
 f - a potion of resistance {unknown}
 i - a potion of brilliance {unknown}
 l - a potion of haste {unknown}
 m - a potion of curing {unknown}


   Skills:
 * Level 1.2 Fighting
 + Level 2.0 Dodging
 + Level 1.9 Stealth
 * Level 2.3 Spellcasting
 * Level 4.2 Conjurations


You had 2 spell levels left.
You knew the following spells:

 Your Spells              Type           Power      Damage    Failure   Level
a - Magic Dart            Conj           68%        1d6       3%          1
b - Searing Ray           Conj           34%        2d5       4%          2

Your spell library contained the following spells:

 Spells                   Type           Power      Damage    Failure   Level
 Dazzling Flash           Conj/Hex       18%        N/A       22%         3
 Fulminant Prism          Conj/Hex       4%         3d6       58%         4
 Iskenderun's Mystic Bla  Conj/Tloc      9%         2d4       58%         4


Dungeon Overview and Level Annotations

Branches:
Dungeon (3/15)

Altars:

Annotations:
D:3 Ijyb


Innate Abilities, Weirdness & Mutations

Your plain brown scales are hard. (AC +4)
You cannot fit into any form of body armour.
You are cold-blooded and may be slowed by cold attacks.


Message History

You feel yourself slow down. Ijyb freezes you.
You bump into the rock wall.
Ijyb hits you with a +2 dagger of freezing.
You feel as though you will be slow longer.
Ijyb freezes you.
Ijyb hits you with a +2 dagger of freezing.
You feel as though you will be slow longer.
Ijyb freezes you.
You feel less confused.
Ijyb zaps a wand.
You resist with significant effort. Ijyb hits you but does no damage.
Ijyb zaps a wand.
Your will is overpowered!
You are confused.
You bump into the rock wall.
You feel yourself speed up. Ijyb closely misses you.
You're too confused to move!
Ijyb hits you with a +2 dagger of freezing.
Ijyb freezes you. Ijyb closely misses you.
You feel less confused.
Ijyb zaps a wand.
Your will is overpowered!
You are confused.
Ijyb hits you but does no damage. Ijyb screams, "I no like you!"
You're too confused to move!
Ijyb zaps a wand.
Your will is overpowered!
You are more confused.
Ijyb hits you with a +2 dagger of freezing.
* * * LOW HITPOINT WARNING * * *
Ijyb freezes you.
* * * LOW HITPOINT WARNING * * *
You bump into the rock wall.
Ijyb zaps a wand.
You resist with significant effort.
Ijyb zaps a wand.
You resist with significant effort.
You're too confused to move!
Ijyb zaps a wand.
Your will is overpowered!
You are more confused.
Ijyb hits you but does no damage.
You miss Ijyb.
Your tail-slap misses Ijyb.
Ijyb hits you with a +2 dagger of freezing!
You die...

#.# ##.# #.# #..# ..#
.# #.# #..# # ##..# .#
#.# #..#####.#......
.# #.#
#........#.....# .#
#.# #.###.####..# .#
.#
#.####.##.......###.#
.#
#....<.......#.>.#..#
.#
#.####.##...g@......#
.# #.#
#.###..........# .#
#.#
#.#####.......######.#
.###.##
#....................#
......#
#########...##########
......############.##
#####..............#
################


You could see Ijyb.

Vanquished Creatures
  2 dart slugs
  2 ball pythons (D:1)
  An endoplasm (D:1)
  A giant cockroach (D:1)
  A goblin (D:2)
  2 hobgoblins
  2 jackals (D:1)
  A kobold (D:1)
  A quokka (D:1)
  3 bats (D:1)
  A frilled lizard (D:2)
  A rat (D:2)
18 creatures vanquished.

Notes
Turn   | Place    | Note
-------+----------+-------------------------------------------
     0 | D:1      | Zeld the Draconian Conjurer began the quest for the Orb.
     0 | D:1      | Reached XP level 1. HP: 14/14 MP: 3/3
   536 | D:1      | Reached XP level 2. HP: 22/22 MP: 3/5
   916 | D:1      | Reached skill level 1 in Fighting
   919 | D:1      | Learned a level 2 spell: Searing Ray
  1226 | D:1      | Found a faded altar of an unknown god.
  1937 | D:3      | Noticed Ijyb
  1972 | D:3      | Slain by Ijyb

Illustrated notes

Levels and vault maps discovered:
D:1:      mrwooster_arrival_arrow, layout_loops_ring,
          shapermc_ecumenical_altar_notcrosses, st_stairs_7,
          nicolae_concentric_dashed_squares_mild
D:2:      layout_basic
D:3:      layout_loops_ring, elyvilon_altar_5, uniq_ijyb

Skill      XL: |  1  2 |
---------------+-------+-----
Fighting       | 1 |  1.2
Dodging        | 2 |  2.0
Stealth        | |  1.9
Spellcasting   | |  2.3
Conjurations   | |  4.2

Action                   || total
-------------------------++-------
Melee: Unarmed           ||    26
       Tailslap          ||     2
       Punch             ||     1
 Cast: Magic Dart        ||    34
       Searing Ray       ||     3
Armor: Skin              ||    22
Dodge: Dodged            ||    34
